 Dungeon Crawl Stone Soup version 0.29.1-15-g9cfb28693d (webtiles) character file.

Game seed: 16721060307880015384

112 PhantomBowie the Trooper (level 4, -5/41 HPs)
             Began as a Hill Orc Fighter on Mar 12, 2023.
             Was an Initiate of Okawaru.
             Killed by divine providence
             ... invoked by an orc priest
              (10 damage)
             ... on level 3 of the Dungeon.
             The game lasted 00:07:11 (3195 turns).

PhantomBowie the Trooper (Hill Orc Fighter)         Turns: 3195, Time: 00:07:12

Health: -5/41      AC: 11    Str: 20    XL:     4   Next: 95%
Magic:  4/4        EV:  5    Int:  8    God:    Okawaru [......]
Gold:   233        SH:  4    Dex: 10    Spells: 3/3 levels left

rFire   . . .      SeeInvis .   a - +0 war axe
rCold   . . .      Faith    .   c - +0 buckler
rNeg    . . .      Spirit   .   m - +0 plate armour
rPois   +          Reflect  .   (no helmet)
rElec   .          Harm     .   (no cloak)
rCorr   .          Rampage  .   (no gloves)
Will    .....                   (no boots)
Stlth   ..........              (no amulet)
HPRegen 0.13/turn               n - ring of poison resistance
MPRegen 0.09/turn               (no ring)

@: no status effects
A: no striking features
a: Renounce Religion, Convert to Beogh


You were on level 3 of the Dungeon.
You worshipped Okawaru.
Okawaru was noncommittal.
You visited 1 branch of the dungeon, and saw 3 of its levels.

You collected 233 gold pieces.

Inventory:

Hand Weapons
 a - a +0 war axe (weapon)
Missiles
 r - 6 atropa-tipped darts (quivered)
Armour
 c - a +0 buckler (worn)
 m - a +0 plate armour (worn)
Jewellery
 n - a ring of poison resistance (left hand)
 o - a ring of wizardry
 u - a ring of magical power
Scrolls
 e - 5 scrolls of identify {unknown}
 f - 2 scrolls of noise {unknown}
 g - 4 scrolls of teleportation {unknown}
 i - a scroll of butterflies {unknown}
 s - a scroll of magic mapping {unknown}
 t - a scroll of enchant armour {unknown}
Potions
 b - a potion of brilliance {unknown}
 d - 2 potions of might
 h - a potion of ambrosia {unknown}
 j - a potion of flight {unknown}
 k - 2 potions of heal wounds {unknown}
 l - a potion of invisibility {unknown}
 p - a potion of magic {unknown}
 q - a potion of lignification {unknown}


   Skills:
 + Level 4.4 Fighting
 + Level 4.1 Axes
 + Level 4.1 Armour
 + Level 4.1 Shields


You had 3 spell levels left.
You didn't know any spells.
Your spell library contained the following spells:

 Spells                   Type           Power      Damage    Failure   Level
 Orb of Destruction       Conj           0%         9d5       100%        7
 Summon Guardian Golem    Hex/Summ       Unusable   N/A       N/A         3
 Spellforged Servitor     Conj/Summ      Unusable   N/A       N/A         7

Dungeon Overview and Level Annotations

Branches:
Dungeon (3/15)

Altars:
Okawaru


Message History

(press Y on the ability menu to convert to Beogh)
The orc priest shouts!
The orc shouts!
The orc priest mumbles some strange prayers to Beogh against you.
Pain shoots through your body!
You closely miss the orc priest.
The orc priest mumbles some strange prayers to Beogh against you.
Pain shoots through your body!
You hit the orc priest.
The orc priest is lightly wounded.
The orc priest hits you with a +0 hand axe.
You hit the orc priest.
The orc priest is moderately wounded.
The orc priest hits you but does no damage.
You hit the orc.
The orc is severely wounded.
The orc barely misses you.
You slash the orc!
You kill the orc!
Okawaru accepts your kill.
You hit the orc priest.
The orc priest is moderately wounded.
The orc priest hits you with a +0 hand axe.
The orc priest hits you but does no damage.
You hit the orc priest but do no damage.
The orc priest is moderately wounded.
The orc priest hits you with a +0 hand axe!
* * * LOW HITPOINT WARNING * * *
You hit the orc priest but do no damage.
The orc priest is moderately wounded.
The orc priest completely misses you.
You barely miss the orc priest.
The orc priest is moderately wounded.
The orc priest hits you but does no damage.
The orc priest hits you with a +0 hand axe.
* * * LOW HITPOINT WARNING * * *
You barely miss the orc priest.
The orc priest is moderately wounded.
The orc priest invokes the aid of Beogh against you.
Beogh smites you!
You die...

## .. #[ #.
#.#.#############
#..oo@......#...##
#...######.......##
#...
##.........####
#...
#..............
#...
##.........##.#
##.# ##.#.....##...
#. #.##...###..# #.
#.###### #... ##'##
##.#


You could see an orc priest and an orc.

Vanquished Creatures
  Jessica (D:3)
  An iguana (D:3)
  2 adders
  3 dart slugs
  2 orcs (D:3)
  4 endoplasms
  2 giant cockroaches (D:2)
  4 goblins
  2 hobgoblins
  A jackal (D:1)
  2 quokkas
  5 ball pythons
  3 frilled lizards
  2 kobolds
  4 rats
38 creatures vanquished.

Notes
Turn   | Place    | Note
-------+----------+-------------------------------------------
     0 | D:1      | PhantomBowie the Hill Orc Fighter began the quest for the
                  | Orb.
     0 | D:1      | Reached XP level 1. HP: 19/19 MP: 1/1
   376 | D:1      | Reached XP level 2. HP: 27/27 MP: 2/2
   708 | D:1      | Found a faded altar of an unknown god.
   745 | D:1      | You fall into a shaft and drop 1 floor!
   745 | D:2      | Found an iron altar of Okawaru.
   749 | D:2      | Became a worshipper of Warmaster Okawaru
  1188 | D:1      | Reached XP level 3. HP: 25/33 MP: 3/3
  2410 | D:3      | Reached XP level 4. HP: 23/40 MP: 4/4
  2924 | D:3      | Noticed Jessica
  2927 | D:3      | Killed Jessica
  3195 | D:3      | Killed from afar by an orc priest

Illustrated notes

Levels and vault maps discovered:
D:1:      dpeg_arrival_brainrot, layout_loops_corners,
          hellmonk_ecumenical_altar_crossroads
D:2:      layout_basic, basic_altar
D:3:      layout_loops_corners, kennysheep_generic_room_10, uniq_jessica

Skill      XL: |  1  2  3  4 |
---------------+-------------+-----
Axes           | 3 4 |  4.1
Fighting       | 4 |  4.4
Armour         | 4 |  4.1
Shields        | 4 |  4.1

Action                   |  1- 3 |  4- 6 || total
-------------------------+-------+-------++-------
Melee: War axe           |   120 |    30 ||   150
Armor: Scale mail        |    29 |       ||    29
       Plate armour      |    26 |    13 ||    39
Dodge: Dodged            |    44 |     5 ||    49
Block: Buckler           |    23 |     2 ||    25
